 Dungeon Crawl Stone Soup version 0.28-a0-773-g130ae17fe5 (webtiles) character file.

Game seed: 18285295075411738474

24 cheechan the Skirmisher (level 3, -1/34 HPs)
             Began as a Naga Fighter on Nov 1, 2021.
             Slain by a gnoll (3 damage)
             ... on level 2 of the Dungeon.
             The game lasted 00:06:58 (1334 turns).

cheechan the Skirmisher (Naga Fighter)              Turns: 1334, Time: 00:06:59

Health: -1/34      AC:  4    Str: 19    XL:     3   Next: 2%
Magic:  12/12      EV:  7    Int:  8    God:
Gold:   330        SH:  4    Dex: 10    Spells: 2/2 levels left

rFire   . . .      SeeInvis +   a - +1 trident
rCold   . . .      Faith    .   c - +0 buckler
rNeg    . . .      Spirit   .   b - +0 scale mail
rPois   +          Reflect  .   (no helmet)
rElec   .          Harm     .   (no cloak)
rCorr   .          Rampage  .   (no gloves)
Will    .....                   (no barding)
Stlth   ..........              (no amulet)
HPRegen 0.11/turn               l - ring of magical power
MPRegen 0.13/turn               (no ring)

@: invisible, very slow
A: AC +1, large, see invisible, deformed body, poison resistance, slowness 2,
spit poison 1, naga tail 1
a: Spit Poison


You were on level 2 of the Dungeon.
You visited 1 branch of the dungeon, and saw 2 of its levels.

You collected 382 gold pieces.
You spent 52 gold pieces at shops.

Inventory:

Hand Weapons
 a - a +1 trident (weapon)
Missiles
 f - 36 sling bullets
 g - 42 stones
 j - 41 arrows
 m - 17 bolts
Armour
 b - a +0 scale mail (worn)
 c - a +0 buckler (worn)
Jewellery
 l - a ring of magical power (left hand)
Potions
 d - a potion of might
 h - a potion of cancellation
 i - a potion of mutation {unknown}
 k - a potion of curing


   Skills:
 + Level 3.4 Fighting
 + Level 2.2 Polearms
 + Level 2.7 Armour
 + Level 2.5 Shields


You had 2 spell levels left.
You didn't know any spells.
Your spell library contained the following spells:

 Spells                   Type           Power      Damage    Failure   Level
 Ozocubu's Armour         Ice            0%         N/A       98%         3
 Ozocubu's Refrigeration  Ice            0%         4d5       100%        7


Dungeon Overview and Level Annotations

Branches:
Dungeon (2/15)

Altars:

Shops:
D:1 *


Innate Abilities, Weirdness & Mutations

Your serpentine skin is tough. (AC +1)
You have supernaturally acute eyesight. (SInv)
Armour fits poorly on your strangely shaped body.
Your system is resistant to poisons. (rPois)
You cover ground very slowly.
You can spit poison.
You have a snake-like lower body.


Message History

j - 41 arrows (gained 19)
Found an escape hatch in the floor.
Found a hand axe.
Found a robe.
You see here a +0 robe.
Found a brown potion.
Found 14 stones.
i - a brown potion
Found 17 bolts.
g - 42 stones (gained 14)
You see here 17 bolts.
You see here 17 bolts.
m - 17 bolts An endoplasm comes into view.
A gnoll comes into view. It is wielding a +0 spear.
Found an escape hatch in the ceiling.
The gnoll shouts!
A gnoll comes into view. It is wielding a +0 club.
A gnoll comes into view. It is wielding a +0 spear.
You block the endoplasm's attack.
A gnoll comes into view. It is wielding a +0 flail.
Found a potion of curing.
The gnoll shouts! x2
The endoplasm hits you. You block the endoplasm's attack.
Found a green potion.
The gnoll hits you from afar with a +0 spear.
You block the endoplasm's attack. The endoplasm hits you.
The gnoll hits you from afar with a +0 spear!
The gnoll barely misses you. The endoplasm freezes you.
You are frozen.
The gnoll hits you with a +0 club.
* * * LOW HITPOINT WARNING * * *
You aren't carrying any scrolls.
You fade into invisibility!
The gnoll hits you from afar with a +0 spear.
* * * LOW HITPOINT WARNING * * *
The endoplasm hits you but does no damage.
The gnoll hits you with a +0 club.
You die...

....#.#.###.#
............#
#<.......###.#
.......# #.# .# .
.....# #.# .# #.
...# #.# .##
...####.## #.# ..
.!.......# #.# .#
......g@J######.#
.#
....gg..........#
.#
!....g...########
.# .........# .#
...####.## .....#
.. #.# ##.##. #
..# # ##.# #.#


You could see 4 gnolls and an endoplasm.

Vanquished Creatures
  A ball python (D:1)
  4 endoplasms
  A giant cockroach (D:1)
  2 goblins (D:2)
  2 hobgoblins
  4 jackals (D:2)
  A quokka (D:2)
  2 bats (D:1)
  A frilled lizard (D:2)
  2 kobolds (D:1)
  A rat (D:2)
21 creatures vanquished.

Notes
Turn   | Place    | Note
-------+----------+-------------------------------------------
     0 | D:1      | cheechan the Naga Fighter began the quest for the Orb.
     0 | D:1      | Reached XP level 1. HP: 21/21 MP: 1/1
   184 | D:1      | Found Tepn's General Store.
   240 | D:1      | Identified a scroll of acquirement
   253 | D:1      | Reached XP level 2. HP: 12/28 MP: 2/2
   280 | D:1      | Acquired 329 gold pieces
   282 | D:1      | Bought a scroll of identify for 26 gold pieces
   282 | D:1      | Bought a scroll of identify for 26 gold pieces
   368 | D:1      | Found a faded altar of an unknown god.
   368 | D:1      | Noticed a hellion
   960 | D:2      | Reached XP level 3. HP: 3/34 MP: 3/3
  1334 | D:2      | Slain by a gnoll

Illustrated notes

Levels and vault maps discovered:
D:1:      dpeg_arrival_refuge, layout_basic,
          dreamdust_ecumenical_altar_sealed_demon, serial_shops,
          nicolae_diamond_shop
D:2:      minmay_wonky_spiral, layout_loops_ring, serial_bayou_pond_e,
          uniq_sigmund

Action                   || total
-------------------------++-------
Melee: Trident           ||    60
 Abil: Spit Poison       ||     2
  Use: Scroll            ||     8
       Potion            ||     1
Armor: Scale mail        ||    45
Dodge: Dodged            ||    26
Block: Buckler           ||    19

Table legend: (Time is in decaauts)
 A = Elapsed time spent in this place.
 B = Non-inter-level travel time spent in this place.
 C = Inter-level travel time spent in this place.
 D = Time resting spent in this place.
 E = Time spent auto-exploring this place.
 F = Levels seen in this place.
 G = Mean time per level.
                   A        B        C        D        E       F      G
               +--------+--------+--------+--------+--------+-----+--------+
         Total |   1734 |   1734 |      0 |    244 |      0 |   2 |  867.0 |
       Dungeon |   1734 |   1734 |      0 |    244 |      0 |   2 |  867.0 |
               +--------+--------+--------+--------+--------+-----+--------+

Top non-repeatable levels by time:
     D:1: 1023 daAuts
     D:2: 711 daAuts
